 Dungeon Crawl Stone Soup version 0.30-a0-571-gdf30a72648 (webtiles) character file.

Game seed: 2834942420247438453

358 Darkkill the Shooter (level 6, -9/53 HPs)
             Began as a Minotaur Hunter on Dec 30, 2022.
             Mangled by an ogre
             ... wielding a +0 giant club
              (16 damage)
             ... on level 5 of the Dungeon.
             The game lasted 00:02:17 (3503 turns).

Darkkill the Shooter (Minotaur Hunter)              Turns: 3503, Time: 00:02:17

Health: -9/53      AC:  4    Str: 16    XL:     6   Next: 37%
Magic:  5/5        EV: 13    Int:  6    God:
Gold:   206        SH:  0    Dex: 15    Spells: 5/5 levels left

rFire   . . .      SeeInvis .    a - +1 shortbow
rCold   . . .      Faith    .    (shield currently unavailable)
rNeg    . . .      Spirit   .    c - +1 leather armour
rPois   .          Reflect  .    (helmet restricted)
rElec   .          Harm     .    (no cloak)
rCorr   .          Rampage  .    (no gloves)
Will    .....                    (no boots)
Stlth   ++                       (no amulet)
HPRegen 0.28/turn                (no ring)
MPRegen 0.09/turn                (no ring)

@: no status effects
A: horns 2, retaliatory headbutt
a: no special abilities


You were on level 5 of the Dungeon.
You visited 1 branch of the dungeon, and saw 5 of its levels.

You collected 206 gold pieces.

Inventory:

Hand Weapons
 a - a +1 shortbow (weapon)
Missiles
 d - 59 stones
 h - 2 throwing nets {=f !f}
 m - 13 boomerangs
Armour
 c - a +1 leather armour (worn)
Scrolls
 b - 2 scrolls of immolation
 j - 2 scrolls of teleportation
 l - a scroll of amnesia
 p - 3 scrolls of fear
 r - a scroll of fog
Potions
 f - 4 potions of curing {@q1}
 g - a potion of berserk rage {unknown}
 i - 2 potions of haste
 k - a potion of lignification {unknown}
 n - 3 potions of might


   Skills:
 + Level 4.5 Fighting
 + Level 5.7 Ranged Weapons
 + Level 4.2 Dodging
 + Level 2.9 Stealth


You had 5 spell levels left.
You didn't know any spells.
Your spell library contained the following spells:

 Spells                   Type           Power      Damage    Failure   Level
 Dazzling Flash           Conj/Hex       0%         N/A       88%         3
 Iskenderun's Mystic Bla  Conj/Tloc      0%         2d3       99%         4
 Starburst                Conj/Fire      0%         6d3       100%        6


Dungeon Overview and Level Annotations

Branches:
Dungeon (5/15)
 Temple: D:4-7

Altars:
Okawaru

Portals:
Ossuary: D:5

Annotations:
D:3 1 runed translucent door, Sabo's ghost, weakling DsFi


Innate Abilities, Weirdness & Mutations

You have a pair of horns on your head.
You reflexively headbutt those who attack you in melee.


Message History

There is an open door, spattered with blood here.
Items here: ††††.
You enter the shallow water.
Moving in this stuff is going to be slow.
You enter the shallow water.
Moving in this stuff is going to be slow.
There is an open door, spattered with blood here.
Items here: ††††.
There is an open door here.
There is an open door here.
Done exploring.
No target in view!
Done exploring.
No target in view!
No target in view!
Done exploring.
No target in view!
Done exploring.
Done exploring.
No target in view!
No target in view!
Done exploring.
You drop a staff of death.
You drop a ring of protection from fire.
As you read the scroll of identify {@r1}, it crumbles to dust.
e - a potion of degeneration You drop a potion of degeneration.
There is an open door here.
There is a stone staircase leading down here.
You climb downwards.
You hear the hiss of flowing sand.
There is an entrance to an ossuary on this level.
Hurry and find it before the portal is buried!
Found a sand-covered staircase.
There is a stone staircase leading up here.
You shoot an arrow. The arrow hits the hound!
The hound barks!
The hound is heavily wounded.
The hound misses you.
A human zombie comes into view.
There are monsters nearby!
You shoot an arrow. The arrow misses the hound.
The hound misses you. You furiously retaliate!
You headbutt the hound. The hound bites you but does no damage.
There are monsters nearby!
You shoot an arrow. The arrow barely misses the hound.
The hound closely misses you. The hound bites you but does no damage.
You shoot an arrow. The arrow hits the hound.
The hound is severely wounded.
The hound completely misses you. The hound bites you but does no damage.
You shoot an arrow. The arrow hits the hound!
You kill the hound!
You shoot an arrow. The arrow hits the human zombie.
The human zombie is lightly damaged.
An ogre comes into view. It is wielding a +0 giant club.
You shoot an arrow. The ogre shouts!
The arrow hits the human zombie!
The human zombie is moderately damaged.
The human zombie hits you.
You shoot an arrow. The arrow hits the human zombie.
The human zombie is moderately damaged.
The human zombie misses you.
You shoot an arrow.
The arrow barely misses the human zombie.
The human zombie hits you.
You shoot an arrow. The arrow hits the human zombie.
The human zombie is moderately damaged.
The human zombie closely misses you. The human zombie hits you.
You shoot an arrow. The arrow hits the human zombie!
The human zombie is heavily damaged.
The human zombie barely misses you.
You shoot an arrow. The arrow hits the human zombie.
The human zombie is heavily damaged.
The ogre closely misses you. The human zombie closely misses you.
You shoot an arrow. The arrow hits the human zombie.
The human zombie is heavily damaged.
The ogre misses you. The human zombie closely misses you.
You shoot an arrow. The arrow barely misses the ogre.
The human zombie barely misses you. You furiously retaliate!
You headbutt the human zombie. The ogre barely misses you.
You shoot an arrow. The arrow hits the ogre!
The ogre is moderately wounded.
The human zombie barely misses you. The ogre barely misses you.
You shoot an arrow.
The arrow hits the ogre but does no damage.
The ogre is moderately wounded.
The human zombie hits you.
You shoot an arrow. The arrow hits the ogre!
The ogre is heavily wounded.
The ogre completely misses you. The human zombie hits you!
You shoot an arrow. The arrow hits the ogre.
The ogre is severely wounded.
The ogre hits you with a +0 giant club! The human zombie hits you.
You shoot an arrow. The arrow hits the ogre.
The ogre is almost dead.
The human zombie misses you. The ogre hits you with a +0 giant club!
* * * LOW HITPOINT WARNING * * *
You feel better. The human zombie barely misses you.
The ogre hits you with a +0 giant club!
You die...

######..∩
###@Z......
#..O####...
#.....#
#........#
####.....#
........
#####..###
#..# #..#


You could see an ogre and a human zombie.

Vanquished Creatures
  Menkaure (D:4)
  A jelly (D:4)
  3 hounds
  2 adders
  A worm (D:2)
  A dart slug (D:3)
  8 orcs
  8 ball pythons
  3 endoplasms (D:1)
  3 giant cockroaches
  10 goblins
  4 hobgoblins
  6 kobolds
  5 quokkas
  2 bats
  6 frilled lizards
  7 rats
71 creatures vanquished.

Vanquished Creatures (collateral kills)
  Jessica (D:3)
1 creature vanquished.

Grand Total: 72 creatures vanquished

Notes
Turn   | Place    | Note
-------+----------+-------------------------------------------
     0 | D:1      | Darkkill the Minotaur Hunter began the quest for the Orb.
     0 | D:1      | Reached XP level 1. HP: 18/18 MP: 0/0
    95 | D:1      | Reached skill level 1 in Stealth
   190 | D:1      | Reached XP level 2. HP: 25/25 MP: 1/1
   249 | D:1      | Found a faded altar of an unknown god.
   532 | D:1      | HP: 5/25 [goblin/+0 club (4)]
   533 | D:1      | HP: 1/25 [goblin/+0 club (3)]
   928 | D:2      | Reached XP level 3. HP: 31/31 MP: 2/2
  1802 | D:3      | Noticed Jessica
  1807 | D:3      | Killed Jessica
  1808 | D:3      | Reached XP level 4. HP: 38/38 MP: 3/3
  1819 | D:3      | Found a runed translucent door.
  1823 | D:3      | Reached skill level 5 in Ranged Weapons
  1823 | D:3      | Noticed a bullfrog
  1825 | D:3      | Noticed Sabo's ghost (weakling DsFi)
  2423 | D:4      | Reached XP level 5. HP: 43/46 MP: 4/4
  2512 | D:4      | Noticed Menkaure
  2517 | D:4      | Killed Menkaure
  2627 | D:4      | Reached XP level 6. HP: 52/52 MP: 5/5
  3221 | D:4      | Found an iron altar of Okawaru.
  3482 | D:5      | Entered Level 5 of the Dungeon
  3482 | D:5      | Found a sand-covered staircase.
  3502 | D:5      | HP: 2/53 [ogre/+0 giant club (17)]
  3503 | D:5      | Mangled by an ogre

Illustrated notes

Levels and vault maps discovered:
D:1:      dpeg_arrival_central, layout_basic, ebering_ecumenical_altar_petrified
D:2:      layout_basic
D:3:      layout_basic, ebering_ghost_sewer_d, uniq_jessica
D:4:      layout_basic, okawaru_altar_gauntlet_db, uniq_menkaure
D:5:      layout_loops_ring, led_sif_pool, enter_ossuary_3

Skill      XL: |  1  2  3  4  5 |
---------------+----------------+-----
Stealth        | 1 2 |  2.9
Fighting       | 3 4 |  4.5
Dodging        | 3 4 |  4.2
Ranged Weapons | 5 |  5.7

Action                   |  1- 3 |  4- 6 || total
-------------------------+-------+-------++-------
 Fire: Shortbow          |   110 |    86 ||   196
  Use: Scroll            |    13 |     2 ||    15
       Potion            |       |     1 ||     1
Armor: Leather armour    |     6 |    11 ||    17
Dodge: Dodged            |    23 |    38 ||    61

Table legend: (Time is in decaauts)
 A = Elapsed time spent in this place.
 B = Non-inter-level travel time spent in this place.
 C = Inter-level travel time spent in this place.
 D = Time resting spent in this place.
 E = Time spent auto-exploring this place.
 F = Levels seen in this place.
 G = Mean time per level.
                   A        B        C        D        E       F      G
               +--------+--------+--------+--------+--------+-----+--------+
         Total |   3559 |   3429 |    130 |    100 |   2915 |   5 |  711.8 |
       Dungeon |   3559 |   3429 |    130 |    100 |   2915 |   5 |  711.8 |
               +--------+--------+--------+--------+--------+-----+--------+

Top non-repeatable levels by time:
     D:4: 1083 daAuts
     D:1: 886 daAuts
     D:3: 821 daAuts
     D:2: 742 daAuts
     D:5: 25 daAuts

Table legend:
 A = Kills in this place as a percentage of kills in entire the game.
 B = Kills by you in this place as a percentage of kills by you in the entire game.
 C = Kills by friends in this place as a percentage of kills by friends in the entire game.
 D = Other kills in this place as a percentage of other kills in the entire game.
 E = Experience gained in this place as a percentage of experience gained in the entire game.
 F = Experience gained in this place divided by the number of levels of this place that you have seen.
                   A       B       C       D       E      F
               +-------+-------+-------+-------+-------+----------------------
         Total | 100.0 | 100.0 | 100.0 |   N/A | 100.0 | 102.4
       Dungeon | 100.0 | 100.0 | 100.0 |   N/A | 100.0 | 102.4
               +-------+-------+-------+-------+-------+----------------------
